 Dungeon Crawl Stone Soup version 0.30.1 (webtiles) character file.

Game seed: 254788235722308000

91 AIAndy the Shooter (level 4, -2/34 HPs)
             Began as a Barachi Hunter on July 4, 2023.
             Slain by an iguana (7 damage)
             ... on level 3 of the Dungeon.
             The game lasted 00:05:55 (1713 turns).

AIAndy the Shooter (Barachi Hunter)                 Turns: 1713, Time: 00:05:55

Health: -2/34      AC:  5    Str: 13    XL:     4   Next: 57%
Magic:  4/4        EV: 11    Int:  9    God:
Gold:   68         SH:  0    Dex: 17    Spells: 3/3 levels left

rFire   . . .        a - +0 shortbow
rCold   . . .        (shield currently unavailable)
rNeg    . . .        n - +0 ring mail
rPois   .            (no helmet)
rElec   .            (no cloak)
rCorr   +            (no gloves)
SInv    .            (no boots)
Will    .....        (no amulet)
Stlth   +            q - ring of resist corrosion
HPRegen 0.25/turn    (no ring)
MPRegen 0.09/turn

%: no passive effects
@: slow
A: amphibious, slowness 1, strong legs 1, +LOS
a: Hop


You were on level 3 of the Dungeon.
You visited 1 branch of the dungeon, and saw 3 of its levels.

You collected 68 gold pieces.

Inventory:

Hand Weapons
 a - a +0 shortbow (weapon)
 c - the +5 mace of Zoajeirgh {flame, *Rage +Blink rN+++ Stlth+}
   (You found it on level 2 of the Dungeon)

   rN:        It renders you almost immune to negative energy.
   +Blink:    It lets you blink.
   *Rage:     It berserks you when you make melee attacks (+20% chance).
   Stlth:     It makes you more stealthy.
Armour
 l - a +0 chain mail
 n - a +0 ring mail (worn)
Jewellery
 q - a ring of resist corrosion (left hand)
Scrolls
 b - a scroll of immolation
 e - 3 scrolls of identify {unknown}
 g - 3 scrolls of teleportation {unknown}
 h - a scroll of poison {unknown}
 m - a scroll of amnesia {unknown}
Potions
 d - a potion of cancellation {unknown}
 f - 2 potions of mutation {unknown}
 i - 2 potions of haste {unknown}
 j - a potion of curing {unknown}
 k - 2 potions of degeneration {unknown}
 o - a potion of invisibility {unknown}
 p - a potion of heal wounds {unknown}
 r - 2 potions of lignification {unknown}


   Skills:
 - Level 2.4 Fighting
 + Level 5.9 Ranged Weapons
 - Level 2.1 Dodging
 - Level 0.8 Stealth


You had 3 spell levels left.
You didn't know any spells.
Your spell library contained the following spells:

 Spells                   Type           Power      Damage    Failure   Level
 Static Discharge         Conj/Air       0%         2-2/arc   80%         2
 Airstrike                Air            0%         2d(0-16)  100%        4
 Summon Lightning Spire   Summ/Air       0%         N/A       100%        4


Dungeon Overview and Level Annotations

Branches:
Dungeon (3/15)

Altars:

Shops:
D:1 (=[(


Innate Abilities, Weirdness & Mutations

You are amphibious.
You cover ground slowly.
You can hop short distances.
You have an extended range of vision and can be seen from far away.


Message History

The iguana is severely wounded.
The iguana bites you!
You are too injured to fight recklessly!
You are too injured to fight recklessly!
Hop to where?
Press: ? - help, Q - select action, (/) - cycle Dir - move target, f - you, p - iguana
Okay, then.
Unknown command.
Unknown command.
Okay, then.
Hop to where?
Press: ? - help, Q - select action, (/) - cycle Dir - move target, f - you
Okay, then.
Okay, then.
Unknown command.
Fire: a) +0 shortbow
Press: ? - help, Q - select action, (/) - cycle Shift-Dir - straight line, f - iguana
Aim: an iguana (severely wounded, 66% to hit)
You shoot an arrow.
The arrow hits the iguana but does no damage.
The iguana is severely wounded.
The iguana closely misses you.
Fire: a) +0 shortbow
Press: ? - help, Q - select action, (/) - cycle Shift-Dir - straight line, f/p - iguana
Aim: an iguana (severely wounded, 66% to hit)
You shoot an arrow. The arrow hits the iguana.
The iguana is severely wounded.
The iguana bites you!
* * * LOW HITPOINT WARNING * * *
The iguana bites you.
* * * LOW HITPOINT WARNING * * *
Okay, then.
Okay, then.
Okay, then.
Fire: a) +0 shortbow
Press: ? - help, Q - select action, (/) - cycle Shift-Dir - straight line, f/p - iguana
Aim: an iguana (severely wounded, 66% to hit)
You shoot an arrow. The arrow completely misses the iguana.
The iguana bites you!
You die...

+.............#>.....
#.....#....)#.#†.####
.....####.<#.#..#
#............#..###
#............#..#.#
#.[.........[#....#
#...##.......##.#.#
#..l###+#.........#
#..@........>...###
###...........###
#...........####
#####..........#
#...†......#
#......#...#
##.........#
###.......# #......##


You could see an iguana.

Vanquished Creatures
  A hound (D:2)
  2 adders (D:3)
  A worm (D:3)
  2 orcs (D:3)
  4 endoplasms
  A giant cockroach (D:2)
  7 goblins
  3 hobgoblins
  6 ball pythons
  A bat (D:1)
  4 frilled lizards
  5 kobolds
  3 rats
40 creatures vanquished.

Notes
Turn   | Place    | Note
-------+----------+-------------------------------------------
     0 | D:1      | AIAndy the Barachi Hunter began the quest for the Orb.
     0 | D:1      | Reached XP level 1. HP: 17/17 MP: 1/1
    32 | D:1      | Found a faded altar of an unknown god.
    55 | D:1      | Found Hibek's Weapon Boutique.
   172 | D:1      | Found Kywkevis's Jewellery Shoppe.
   246 | D:1      | Reached XP level 2. HP: 23/23 MP: 2/2
   341 | D:1      | Found Siebuuf's Armour Emporium.
   486 | D:1      | Found Kolyxt's Antique Weapon Emporium.
   879 | D:2      | Reached skill level 5 in Ranged Weapons
   879 | D:2      | Reached XP level 3. HP: 22/28 MP: 3/3
  1091 | D:2      | Identified the +5 mace of Zoajeirgh {flame, *Rage +Blink
                  | rN+++ Stlth+}
  1119 | D:2      | Reached XP level 4. HP: 34/34 MP: 4/4
  1713 | D:3      | Slain by an iguana

Illustrated notes

Levels and vault maps discovered:
D:1:      roderic_chinese_lattice_arrival, layout_basic, serial_shops, shop,
          nicolae_shop_tiny_waterfront, shop, nicolae_shop_behind_doors,
          basic_ecumenical_altar, minmay_misc_feat_square
D:2:      layout_loops_ring, item_on_display_a
D:3:      layout_basic

Skill      XL: |  1  2 |
---------------+-------+-----
Ranged Weapons | 5 |  5.9
Fighting       | |  2.4
Dodging        | |  2.1
Stealth        | |  0.8

Action                     |  1- 3 |  4- 6 || total
---------------------------+-------+-------++-------
   Fire: Shortbow          |    66 |    49 ||   115
 Armour: Ring mail         |     4 |     6 ||    10
         Leather armour    |     1 |       ||     1
  Dodge: Dodged            |     8 |    13 ||    21
